 Dungeon Crawl Stone Soup version 0.29.0-4-gdea44cf6ec (webtiles) character file.

Game seed: 11426263385704425585

44933 qw the Severer (level 14, -2/88 HPs)
             Began as a Tengu Warper on Aug 28, 2022.
             Was a High Priest of Okawaru.
             Slain by a dire elephant (11 damage)
             ... on level 5 of the Lair of Beasts.
             The game lasted 00:01:54 (17849 turns).

qw the Severer (Tengu Warper)                      Turns: 17849, Time: 00:01:55

Health: -2/88      AC: 22    Str: 32    XL:     14   Next: 30%
Magic:  22/22      EV: 20    Int: 10    God:    Okawaru [*****.]
Gold:   575        SH:  0    Dex: 13    Spells: 17/17 levels left

rFire   . . .      SeeInvis .   s - +3 broad axe (vamp)
rCold   . . .      Faith    .   (no shield)
rNeg    + . .      Spirit   .   h - +1 plate armour
rPois   .          Reflect  .   (helmet restricted)
rElec   .          Harm     .   l - +2 cloak
rCorr   .          Rampage  .   o - +0 pair of gloves {Str+3}
Will    +....                   (boots unavailable)
Stlth   ..........              t - amulet of the acrobat
HPRegen 0.24/turn               d - ring "Giarghy" {rN+ Str+9 Int-3}
MPRegen 0.18/turn               r - +4 ring of evasion

@: heroic, flying quickly and evasively, quick
A: beak, talons 3, nimble flight, antennae 1, strong 1
a: Renounce Religion, Heroism, Finesse, Duel


You were on level 5 of the Lair of Beasts.
You worshipped Okawaru.
Okawaru was extremely pleased with you.
You visited 3 branches of the dungeon, and saw 15 of its levels.
You also visited: Ossuary.

You collected 1007 gold pieces.
You spent 432 gold pieces at shops.


Innate Abilities, Weirdness & Mutations

You have a beak for a mouth.
You have claws for feet.
Your magical nature lets you fly swiftly and evasively.
You have a pair of small antennae on your head.
Your muscles are strong. (Str +4, Int/Dex -1)


   Skills:
 - Level 10.1(15.1) Fighting
 - Level 18.0(23.0) Axes
 - Level 3.0(8.0) Throwing
 + Level 9.5(14.5) Armour
 - Level 7.2(12.2) Dodging
 - Level 2.0 Spellcasting
 - Level 2.4 Translocations
 - Level 10.0 Invocations


You had 17 spell levels left.
You didn't know any spells.
Your spell library contained the following spells:

 Spells                   Type           Power      Damage    Failure   Level
 Blink                    Tloc           10%        N/A       65%         2
 Gell's Gravitas          Tloc           5%         N/A       87%         3
 Lesser Beckoning         Tloc           5%         N/A       87%         3
 Teleport Other           Tloc           5%         N/A       87%         3
 Manifold Assault         Tloc           5%         N/A       100%        5

Inventory:

Hand Weapons
 b - a +5 morningstar
 s - a +3 vampiric broad axe (weapon)
Missiles
 c - 9 boomerangs (quivered)
Armour
 h - a +1 plate armour (worn)
 l - a +2 cloak (worn)
 n - +0 fire dragon scales
 o - a +0 pair of gloves of strength (worn)
Jewellery
 d - the ring "Giarghy" (left hand) {rN+ Str+9 Int-3}
   (You found it on level 5 of the Lair of Beasts)

   [ring of positive energy]

   Str:       It affects your strength (+9).
   Int:       It affects your intelligence (-3).
   rN:        It protects you from negative energy.
 r - a +4 ring of evasion (right hand)
 t - an amulet of the acrobat (around neck)
Scrolls
 p - 16 scrolls of identify
Potions
 a - a potion of haste
 e - 5 potions of mutation
 f - 2 potions of resistance
 i - 7 potions of curing
 j - a potion of cancellation
 k - 3 potions of might
 q - a potion of magic

Dungeon Overview and Level Annotations

Branches:
Dungeon (9/15)             Temple (1/1) D:4            Lair (5/5) D:9
 Shoals (0/4) Lair:3        Snake (0/4) Lair:2        Slime (0/5) Lair:4
    Orc (0/2) D:9         Ossuary (visited)

Altars:
Ashenzari
Cheibriados
Dithmenos
Elyvilon
Fedhas
Gozag
Hepliaklqana
Kikubaaqudgha
Makhleb
Nemelex Xobeh
Okawaru
Qazlal
Ru
Sif Muna
Trog
Uskayaw
Vehumet
Wu Jian
Xom
Yredelemnul
Zin
The Shining One
Jiyva

Shops:
D:5 *   D:6 :   D:8 *(!=

Annotations:
D:8 2 transporters


Message History

The dire elephant is almost dead.
You hit the dire elephant.
You feel better. The dire elephant closely misses you.
The dire elephant misses you.
You slash the dire elephant!
You kill the dire elephant!
Okawaru accepts your kill.
You hit the dire elephant.
You feel better.
A freezing mist starts to gather...
A dire elephant simulacrum comes into view.
The dire elephant tramples you.
You hold your ground!
The dire elephant barely misses you.
Your base Fighting skill increases to level 10!
You hit the dire elephant. You punch the dire elephant!
The dire elephant is moderately wounded.
You slash the dire elephant simulacrum! The dire elephant tramples you!
You hold your ground!
The dire elephant trunk-slaps you but does no damage.
You hit the dire elephant but do no damage.
You claw the dire elephant.
The dire elephant is moderately wounded.
You slice the dire elephant simulacrum!!
The dire elephant simulacrum tramples you!
You hold your ground!
The dire elephant simulacrum completely misses you.
The dire elephant tramples you!
You hold your ground!
The dire elephant trunk-slaps you but does no damage.
You slash the dire elephant simulacrum!
The dire elephant simulacrum vaporises!
You hit the dire elephant.
The necromancer gestures wildly while chanting.
The necromancer binds the souls of nearby monsters.
You slice the dire elephant!!
The dire elephant is heavily wounded.
The dire elephant closely misses you.
The dire elephant trunk-slaps you but does no damage.
You hit the dire elephant but do no damage.
You claw the dire elephant, but do no damage.
The dire elephant is heavily wounded.
The dire elephant tramples you!
You die...

#''####.#........
##~~~.##.#.###....
#~~~~~.#.#.#######
~~~~~ #%#..# ## ..~~
##.#..# #. #Z. #P.#..#
#. ##p####.##..## ##
#8Y8#P.P#7.%%#####
#@%.#.###....P##.#
###.0##.##P.........
###.'..#..##..........
#.P.'.P#.##7..........
#P.#####.# 7..........
##...'...P# #7.........
#....'..######.........
#...##8..'..P#7........
##..P#####.%P#7........


You could see a dire elephant (soul bound), a spectral anaconda and a
necromancer.

Vanquished Creatures
  4 dire elephants (Lair:5)
  3 hydras
  A boulder beetle (Lair:2)
  5 death yaks (Lair:5)
  Nergalle (Lair:2)
  A spectral death yak (Lair:5)
  An obsidian statue (Lair:5)
  3 necromancers (Lair:5)
  A dire elephant zombie (Lair:5)
  A black mamba (Lair:5)
  13 elephants (Lair:5)
  9 cane toads
  Joseph (D:7)
  A torpor snail (Lair:1)
  5 komodo dragons
  7 rime drakes
  2 polar bears (Lair:5)
  17 blink frogs
  4 merfolk (Lair:3)
  12 dream sheep
  Sigmund (D:2)
  A shadow (D:6)
  2 dire elephant simulacra (Lair:5)
  2 wyverns (Lair:3)
  37 yaks
  5 basilisks
  A spectral cane toad (Lair:5)
  4 nagas (Lair:2)
  An acid dragon (D:8)
  5 black bears
  25 water moccasins
  2 sky beasts (D:6)
  4 orc warriors
  An elephant zombie (Lair:5)
  6 wolves (Lair:1)
  An ogre (D:6)
  A centaur (D:9)
  2 kobold brigands
  13 bullfrogs
  A necrophage (D:7)
  3 wyvern zombies (Ossuary)
  3 scorpions
  A cane toad simulacrum (Lair:5)
  A water moccasin zombie (Ossuary)
  4 wights (D:8)
  10 killer bees
  An elephant simulacrum (Lair:5)
  An electric eel (Lair:2)
  2 howler monkeys (D:8)
  3 centaur zombies (Ossuary)
  6 bullfrog zombies (Ossuary)
  5 jellies
  A gnoll bouda (D:8)
  8 hounds
  3 orc priests (D:9)
  Jessica (D:2)
  13 mummies (Ossuary)
  6 iguanas
  5 orc wizards
  6 hell rats (Lair:5)
  3 killer bee zombies (Ossuary)
  3 howler monkey zombies (Ossuary)
  8 gnolls
  11 adders
  A white imp (D:6)
  2 ufetubi (D:6)
  3 worms
  2 dart slugs (D:3)
  31 orcs
  11 endoplasms
  2 giant cockroaches (D:1)
  3 goblins
  A hobgoblin (D:3)
  2 jackals (D:2)
  3 quokkas
  3 ball pythons
  3 bats
  A frilled lizard (D:1)
  12 kobolds
  A rat (D:3)
  A butterfly (Lair:1)
397 creatures vanquished.

Vanquished Creatures (others)
  61 fungi
  69 plants
  24 withered plants
154 creatures vanquished.

Grand Total: 551 creatures vanquished

Notes
Turn   | Place    | Note
-------+----------+-------------------------------------------
     0 | D:1      | qw the Tengu Warper began the quest for the Orb.
     0 | D:1      | Reached XP level 1. HP: 12/12 MP: 4/4
     0 | D:1      | 0 ||| qw: Version: 0.1-a-89-g26bdef1
     0 | D:1      | 0 ||| qw: Game counter: 393
     0 | D:1      | 0 ||| qw: Always use a shield: true
     0 | D:1      | 0 ||| qw: God list: Okawaru
     0 | D:1      | 0 ||| qw: Allow faded altars: false
     0 | D:1      | 0 ||| qw: Do Orc after D:15 true
     0 | D:1      | 0 ||| qw: Do second Lair branch before Depths: true
     0 | D:1      | 0 ||| qw: Lair rune preference: random
     0 | D:1      | 0 ||| qw: Plans: Normal
     0 | D:1      | 0 ||| PLANNING D:1-11
   382 | D:1      | 382 ||| Stepping ~*~*~tactically~*~*~ (stealth).
   384 | D:1      | Reached XP level 2. HP: 17/17 MP: 6/6
   388 | D:1      | Reached skill level 3 in Axes
   571 | D:1      | 571 ||| UPGRADING to +0 plate armour.
   581 | D:1      | 581 ||| DROPPING +0 leather armour.
   582 | D:1      | 582 ||| READING scroll labelled TOENNU IDEUPULUM.
   583 | D:1      | 583 ||| READING 2 scrolls labelled YFU PUNTIU.
   583 | D:1      | Identified 2 scrolls of acquirement
   583 | D:1      | 583 ||| ACQUIRING +3 Mad Mage's Maulers {Infuse+∞ RegenMP
                  | Int-3}
   583 | D:1      | Acquired the +3 Mad Mage's Maulers {Infuse+∞ RegenMP Int-3}
   583 | D:1      | Found the +3 Mad Mage's Maulers {Infuse+∞ RegenMP Int-3}
   585 | D:1      | 585 ||| UPGRADING to +3 Mad Mage's Maulers {Infuse+∞
                  | RegenMP Int-3}.
   590 | D:1      | 590 ||| READING scroll of acquirement.
   590 | D:1      | 590 ||| ACQUIRING +0 broad axe of venom
   590 | D:1      | Acquired a +0 broad axe of venom
   592 | D:1      | 592 ||| SWAPPING to +0 broad axe of venom.
   593 | D:1      | 593 ||| DROPPING +0 hand axe.
   594 | D:1      | 594 ||| READING scroll labelled MEKOMENYAT.
   595 | D:1      | 595 ||| DRINKING 2 viscous green potions.
   700 | D:1      | 700 ||| DROPPING scroll of blinking.
   701 | D:1      | 701 ||| DROPPING potion of berserk rage.
   732 | D:2      | Noticed Sigmund
   739 | D:2      | Killed Sigmund
   740 | D:2      | Reached skill level 6 in Axes
   740 | D:2      | Reached XP level 3. HP: 7/21 MP: 0/7
   740 | D:2      | Reached XP level 4. HP: 9/26 MP: 0/8
   740 | D:2      | Gained mutation: Your magical nature lets you fly swiftly
                  | and evasively. [Tengu growth]
   740 | D:2      | Reached XP level 5. HP: 10/30 MP: 0/9
  1135 | D:2      | Found a radiant altar of Vehumet.
  1479 | D:2      | Noticed Jessica
  1482 | D:2      | Killed Jessica
  1483 | D:2      | Reached XP level 6. HP: 35/35 MP: 1/10
  1768 | D:2      | 1768 ||| UPGRADING to +4 ring of protection.
  1769 | D:2      | 1769 ||| READING scroll labelled QIKKERRU MIODD.
  1770 | D:2      | 1770 ||| READING 3 scrolls labelled CEESAUR ZIASTRU.
  1771 | D:2      | 1771 ||| READING scroll labelled GEN QIOMPOHEASMU.
  1772 | D:2      | 1772 ||| DRINKING 2 bubbling amethyst potions.
  1773 | D:2      | 1773 ||| DROPPING potion of attraction.
  1774 | D:2      | 1774 ||| DROPPING 2 scrolls of vulnerability.
  1808 | D:3      | Reached skill level 3 in Armour
  2147 | D:3      | 2147 ||| Stepping ~*~*~tactically~*~*~ (hiding).
  2272 | D:3      | 2272 ||| READING scroll of enchant weapon.
  2272 | D:3      | 2272 ||| ENCHANTING +1 broad axe of venom.
  2307 | D:3      | 2307 ||| DROPPING +0 mace.
  2326 | D:3      | Found a snail-covered altar of Cheibriados.
  2765 | D:3      | 2765 ||| READING 2 scrolls of enchant weapon.
  2765 | D:3      | 2765 ||| ENCHANTING +2 broad axe of venom.
  2766 | D:3      | 2766 ||| READING scroll of enchant weapon.
  2766 | D:3      | 2766 ||| ENCHANTING +3 broad axe of venom.
  2944 | D:3      | 2944 ||| READING scroll labelled JOGGUD ENAWU.
  2945 | D:3      | 2945 ||| READING scroll labelled ENEUCK PIZEN.
  2946 | D:3      | 2946 ||| READING scroll labelled NAULO VIMURCHEK.
  2947 | D:3      | 2947 ||| READING scroll labelled TIGRUMNYOZ.
  2948 | D:3      | 2948 ||| READING scroll labelled EHEPU YXKIHEME.
  2949 | D:3      | 2949 ||| READING scroll labelled UCEDIA REWNAEBUZE.
  2950 | D:3      | 2950 ||| Stepping randomly (stuck).
  2951 | D:3      | 2951 ||| Stepping ~*~*~tactically~*~*~ (cloud).
  2958 | D:3      | HP: 8/35 [poisoned by you (poison gas)]
  3378 | D:4      | Reached skill level 7 in Axes
  3611 | D:4      | Found a staircase to the Ecumenical Temple.
  3612 | D:4      | 3612 ||| PLANNING TEMPLE
  3612 | D:4      | 3612 ||| UPGRADING to +0 cloak.
  3617 | D:4      | 3617 ||| READING scroll labelled QAIROXZO SASTROAT.
  3618 | D:4      | 3618 ||| READING scroll labelled TAXTAIF HAYJU.
  3658 | Temple   | Entered the Ecumenical Temple
  3658 | Temple   | Found a transporter.
  3658 | Temple   | Found a transporter.
  3675 | Temple   | Found a transporter.
  3675 | Temple   | Found a transporter.
  3685 | Temple   | 3685 ||| PLANNING D:1-11
  3749 | Temple   | Became a worshipper of Warmaster Okawaru
  3750 | Temple   | 3750 ||| REMOVING +3 Mad Mage's Maulers {Infuse+∞ RegenMP
                  | Int-3}.
  3755 | Temple   | 3755 ||| DROPPING +3 Mad Mage's Maulers {Infuse+∞ RegenMP
                  | Int-3}.
  3803 | D:4      | Found an ornate altar of the Wu Jian Council.
  3913 | D:4      | 3913 ||| DROPPING +1 mace of protection.
  3966 | D:4      | Reached XP level 7. HP: 40/40 MP: 11/11
  3968 | D:4      | Reached skill level 3 in Fighting
  3975 | D:4      | Found a shadowy altar of Dithmenos.
  4005 | D:4      | 4005 ||| DRINKING 2 green potions.
  4022 | D:5      | Entered Level 5 of the Dungeon
  4023 | D:5      | 4023 ||| PLANNING OSSUARY
  4254 | D:5      | Found a sand-covered staircase.
  4259 | Ossuary  | Entered an ossuary
  4264 | Ossuary  | 4264 ||| Stepping ~*~*~tactically~*~*~ (stealth).
  4265 | Ossuary  | 4265 ||| Stepping ~*~*~tactically~*~*~ (hiding).
  4269 | Ossuary  | 4269 ||| Stepping ~*~*~tactically~*~*~ (stealth).
  4288 | Ossuary  | 4288 ||| Stepping ~*~*~tactically~*~*~ (stealth).
  4291 | Ossuary  | 4291 ||| Stepping ~*~*~tactically~*~*~ (stealth).
  4292 | Ossuary  | 4292 ||| Stepping ~*~*~tactically~*~*~ (stealth).
  4366 | Ossuary  | 4366 ||| Stepping ~*~*~tactically~*~*~ (stealth).
  4376 | Ossuary  | Reached skill level 8 in Axes
  4382 | Ossuary  | 4382 ||| Stepping ~*~*~tactically~*~*~ (stealth).
  4422 | Ossuary  | Reached * piety under Okawaru
  4425 | Ossuary  | 4425 ||| INVOKING Heroism.
  4428 | Ossuary  | HP: 6/41 [wyvern zombie (7)]
  4440 | Ossuary  | 4440 ||| INVOKING Heroism.
  4490 | Ossuary  | 4490 ||| INVOKING Heroism.
  4496 | Ossuary  | Reached skill level 1 in Invocations
  4496 | Ossuary  | Reached XP level 8. HP: 12/46 MP: 9/12
  4504 | Ossuary  | 4504 ||| INVOKING Heroism.
  4517 | Ossuary  | 4517 ||| INVOKING Heroism.
  4596 | Ossuary  | 4596 ||| INVOKING Heroism.
  4613 | Ossuary  | 4613 ||| INVOKING Heroism.
  4631 | Ossuary  | 4631 ||| INVOKING Heroism.
  4657 | Ossuary  | 4657 ||| INVOKING Heroism.
  4752 | Ossuary  | Reached skill level 9 in Axes
  4785 | Ossuary  | 4785 ||| READING scroll of enchant armour.
  4785 | Ossuary  | 4785 ||| ENCHANTING +0 cloak.
  4819 | Ossuary  | 4819 ||| INVOKING Heroism.
  4970 | Ossuary  | Reached skill level 3 in Invocations
  5033 | Ossuary  | 5033 ||| INVOKING Heroism.
  5193 | Ossuary  | 5193 ||| UPGRADING to +6 ring of dexterity.
  5194 | Ossuary  | 5194 ||| DRINKING 2 grey potions.
  5194 | Ossuary  | Gained mutation: Your muscles are strong. (Str +4, Int/Dex
                  | -1) [potion of mutation]
  5194 | Ossuary  | Gained mutation: You have a pair of small antennae on your
                  | head. [potion of mutation]
  5195 | Ossuary  | 5195 ||| DRINKING 6 glowing purple potions.
  5196 | Ossuary  | 5196 ||| DRINKING 2 purple potions.
  5197 | Ossuary  | 5197 ||| DRINKING 3 fuming brown potions.
  5198 | Ossuary  | 5198 ||| DRINKING 3 clear potions.
  5199 | Ossuary  | 5199 ||| READING 2 scrolls of identify.
  5199 | Ossuary  | 5199 ||| IDENTIFYING red potion
  5200 | Ossuary  | 5200 ||| DROPPING 5 potions of lignification.
  5201 | Ossuary  | 5201 ||| DROPPING 2 potions of flight.
  5202 | Ossuary  | 5202 ||| DROPPING 2 potions of degeneration.
  5224 | D:5      | 5224 ||| PLANNING D:1-11
  5255 | D:5      | 5255 ||| INVOKING Heroism.
  5299 | D:5      | 5299 ||| READING scroll of enchant armour.
  5299 | D:5      | 5299 ||| ENCHANTING +1 cloak.
  5497 | D:5      | 5497 ||| Stepping ~*~*~tactically~*~*~ (stealth).
  5602 | D:5      | Found Okhaudd's Assorted Antiques.
  5608 | D:5      | 5608 ||| BUYING 2 inky potions (34 gold).
  5608 | D:5      | Bought 2 inky potions for 34 gold pieces
  5608 | D:5      | 5608 ||| BUYING 2 potions of curing (114 gold).
  5608 | D:5      | Bought 2 potions of curing for 114 gold pieces
  5608 | D:5      | 5608 ||| BUYING potion of mutation (152 gold).
  5608 | D:5      | Bought a potion of mutation for 152 gold pieces
  5836 | D:5      | 5836 ||| DRINKING 2 inky potions.
  5837 | D:5      | 5837 ||| DRINKING 2 white potions.
  5838 | D:5      | 5838 ||| DROPPING potion of brilliance.
  5859 | D:6      | 5859 ||| Stepping ~*~*~tactically~*~*~ (stealth).
  5862 | D:6      | 5862 ||| Stepping ~*~*~tactically~*~*~ (stealth).
  5870 | D:6      | 5870 ||| FLEEEEING.
  5871 | D:6      | 5871 ||| FLEEEEING.
  5876 | D:6      | 5876 ||| STAIRDANCE
  6019 | D:6      | 6019 ||| INVOKING Heroism.
  6021 | D:6      | 6021 ||| Stepping ~*~*~tactically~*~*~ (stealth).
  6023 | D:6      | Reached XP level 9. HP: 52/52 MP: 10/13
  6025 | D:6      | Reached ** piety under Okawaru
  6029 | D:6      | Reached skill level 3 in Dodging
  6071 | D:6      | 6071 ||| FLEEEEING.
  6072 | D:6      | 6072 ||| FLEEEEING.
  6073 | D:6      | 6073 ||| FLEEEEING.
  6074 | D:6      | 6074 ||| FLEEEEING.
  6075 | D:6      | 6075 ||| FLEEEEING.
  6076 | D:6      | 6076 ||| FLEEEEING.
  6077 | D:6      | 6077 ||| FLEEEEING.
  6078 | D:6      | 6078 ||| FLEEEEING.
  6079 | D:6      | 6079 ||| FLEEEEING.
  6080 | D:6      | 6080 ||| FLEEEEING.
  6086 | D:6      | 6086 ||| FLEEEEING.
  6087 | D:6      | 6087 ||| FLEEEEING.
  6088 | D:6      | 6088 ||| FLEEEEING.
  6089 | D:6      | 6089 ||| FLEEEEING.
  6090 | D:6      | 6090 ||| FLEEEEING.
  6091 | D:6      | 6091 ||| FLEEEEING.
  6092 | D:6      | 6092 ||| FLEEEEING.
  6103 | D:6      | 6103 ||| FLEEEEING.
  6110 | D:6      | 6110 ||| STAIRDANCE
  6245 | D:5      | 6245 ||| READING 2 scrolls of identify.
  6245 | D:5      | 6245 ||| IDENTIFYING sedimented blue potion
  6271 | D:6      | 6271 ||| Stepping ~*~*~tactically~*~*~ (hiding).
  6273 | D:6      | 6273 ||| Stepping ~*~*~tactically~*~*~ (hiding).
  6376 | D:6      | Reached skill level 10 in Axes
  6406 | D:6      | Found a stormy altar of Qazlal.
  6467 | D:6      | 6467 ||| Stepping ~*~*~tactically~*~*~ (stealth).
  6491 | D:6      | Found Cumedin's Book Shop.
  6633 | D:6      | 6633 ||| INVOKING Heroism.
  6724 | D:6      | 6724 ||| INVOKING Heroism.
  6730 | D:6      | 6730 ||| Stepping ~*~*~tactically~*~*~ (stealth).
  6741 | D:6      | 6741 ||| Stepping ~*~*~tactically~*~*~ (stealth).
  6817 | D:6      | 6817 ||| DRINKING 2 emerald potions.
  7004 | D:7      | Noticed Joseph
  7013 | D:7      | Killed Joseph
  7187 | D:7      | Reached skill level 11 in Axes
  7236 | D:7      | 7236 ||| Stepping ~*~*~tactically~*~*~ (stealth).
  7267 | D:7      | 7267 ||| DROPPING +2 flail of venom.
  7517 | D:7      | 7517 ||| Stepping ~*~*~tactically~*~*~ (stealth).
  7540 | D:7      | 7540 ||| INVOKING Heroism.
  7546 | D:7      | 7546 ||| Stepping ~*~*~tactically~*~*~ (stealth).
  7800 | D:7      | 7800 ||| INVOKING Heroism.
  8019 | D:7      | Reached *** piety under Okawaru
  8114 | D:7      | Reached XP level 10. HP: 51/59 MP: 14/14
  8114 | D:7      | 8114 ||| STAIRDANCE
  8151 | D:6      | 8151 ||| DROPPING orb of mayhem.
  8152 | D:6      | 8152 ||| READING scroll labelled LOEMARI CEXT.
  8253 | D:6      | 8253 ||| DRINKING 2 blue potions.
  8621 | D:8      | Reached skill level 3 in Throwing
  8622 | D:8      | 8622 ||| Stepping ~*~*~tactically~*~*~ (stealth).
  8635 | D:8      | 8635 ||| DROPPING +0 morningstar.
  8671 | D:8      | Found Feto's Jewellery Boutique.
  8681 | D:8      | 8681 ||| SHOPLISTING +6 ring of strength (432 gold, have
                  | 155).
  8681 | D:8      | 8681 ||| SHOPLISTING ring of Zoynum {Int+2 Slay+4} (1070
                  | gold, have 155).
  8681 | D:8      | 8681 ||| SHOPLISTING ring of protection from fire (300
                  | gold, have 155).
  8682 | D:8      | 8682 ||| INVOKING Heroism.
  8717 | D:8      | 8717 ||| Stepping ~*~*~tactically~*~*~ (stealth).
  8727 | D:8      | 8727 ||| INVOKING Heroism.
  8881 | D:8      | Found Ripnirph's Assorted Antiques.
  8887 | D:8      | Found Fehuttar's Weapon Shop.
  8888 | D:8      | 8888 ||| SHOPLISTING shiny orb (312 gold, have 155).
  8949 | D:8      | Noticed a gargoyle
  8960 | D:8      | Found a transporter.
  9016 | D:8      | Found Curioshy's Distillery.
  9019 | D:8      | 9019 ||| BUYING potion of cancellation (96 gold).
  9019 | D:8      | Bought a potion of cancellation for 96 gold pieces
  9019 | D:8      | 9019 ||| BUYING potion of curing (36 gold).
  9019 | D:8      | Bought a potion of curing for 36 gold pieces
  9019 | D:8      | 9019 ||| SHOPLISTING potion of curing (36 gold, have 31).
  9019 | D:8      | 9019 ||| SHOPLISTING potion of mutation (96 gold, have 31).
  9019 | D:8      | 9019 ||| UPGRADING to amulet of the acrobat.
  9024 | D:8      | 9024 ||| DROPPING +6 ring of intelligence.
  9025 | D:8      | 9025 ||| READING 3 scrolls of identify.
  9025 | D:8      | 9025 ||| IDENTIFYING silvery potion
  9026 | D:8      | 9026 ||| DROPPING potion of invisibility.
  9030 | D:8      | Reached skill level 12 in Axes
  9032 | D:8      | 9032 ||| READING scroll of teleportation.
  9036 | D:8      | 9036 ||| INVOKING Heroism.
  9052 | D:8      | 9052 ||| Stepping ~*~*~tactically~*~*~ (stealth).
  9055 | D:8      | 9055 ||| Stepping ~*~*~tactically~*~*~ (stealth).
  9063 | D:8      | 9063 ||| INVOKING Heroism.
  9065 | D:8      | Reached skill level 6 in Armour
  9158 | D:8      | Found a transporter.
  9160 | D:8      | Noticed a cyclops
  9193 | D:8      | Noticed a centaur warrior
  9214 | D:8      | 9214 ||| Stepping ~*~*~tactically~*~*~ (stealth).
  9218 | D:8      | 9218 ||| Stepping ~*~*~tactically~*~*~ (stealth).
  9231 | D:8      | 9231 ||| INVOKING Heroism.
  9320 | D:8      | 9320 ||| Stepping ~*~*~tactically~*~*~ (stealth).
  9323 | D:8      | 9323 ||| INVOKING Heroism.
  9454 | D:8      | Reached skill level 6 in Fighting
  9554 | D:8      | 9554 ||| INVOKING Heroism.
  9733 | D:9      | 9733 ||| INVOKING Heroism.
  9742 | D:9      | Reached **** piety under Okawaru
  9826 | D:9      | Received a gift from Okawaru
  9857 | D:9      | 9857 ||| READING scroll of enchant weapon.
  9857 | D:9      | 9857 ||| ENCHANTING +4 broad axe of venom.
  9859 | D:9      | Found a staircase to the Lair.
  9896 | D:9      | 9896 ||| INVOKING Heroism.
  9990 | D:9      | 9990 ||| Stepping ~*~*~tactically~*~*~ (hiding).
 10066 | D:9      | 10066 ||| INVOKING Heroism.
 10071 | D:9      | Reached skill level 13 in Axes
 10211 | D:9      | Found a staircase to the Orcish Mines.
 10377 | D:9      | 10377 ||| Stepping ~*~*~tactically~*~*~ (stealth).
 10379 | D:9      | 10379 ||| Stepping ~*~*~tactically~*~*~ (stealth).
 10381 | D:9      | 10381 ||| INVOKING Heroism.
 10384 | D:9      | 10384 ||| Stepping ~*~*~tactically~*~*~ (hiding).
 10406 | D:9      | Found a glowing silver altar of Zin.
 10413 | D:9      | Found a hide-covered altar of Uskayaw.
 10418 | D:9      | Found a sparkling altar of Nemelex Xobeh.
 10471 | D:9      | 10471 ||| PLANNING LAIR
 10471 | D:9      | 10471 ||| UPGRADING to +4 ring of evasion.
 10473 | D:9      | 10473 ||| DROPPING +6 ring of dexterity.
 10496 | Lair:1   | Entered Level 1 of the Lair of Beasts
 10497 | Lair:1   | 10497 ||| INVOKING Heroism.
 10507 | Lair:1   | Reached XP level 11. HP: 41/64 MP: 13/16
 10541 | Lair:1   | 10541 ||| INVOKING Heroism.
 10554 | Lair:1   | Reached skill level 6 in Invocations
 10555 | Lair:1   | HP: 13/64 [wolf (8)]
 10556 | Lair:1   | 10556 ||| READING scroll of teleportation.
 10557 | Lair:1   | 10557 ||| DRINKING 4 potions of heal wounds.
 10560 | Lair:1   | 10560 ||| DRINKING 3 potions of heal wounds.
 10759 | Lair:1   | 10759 ||| INVOKING Heroism.
 10803 | Lair:1   | 10803 ||| DRINKING 3 potions of cancellation.
 10807 | Lair:1   | 10807 ||| DRINKING 2 potions of cancellation.
 10809 | Lair:1   | 10809 ||| DRINKING potion of cancellation.
 10822 | Lair:1   | 10822 ||| INVOKING Heroism.
 11045 | Lair:1   | 11045 ||| INVOKING Heroism.
 11055 | Lair:1   | Reached ***** piety under Okawaru
 11056 | Lair:1   | Reached skill level 14 in Axes
 11194 | Lair:1   | 11194 ||| READING scroll of enchant armour.
 11194 | Lair:1   | 11194 ||| ENCHANTING +0 plate armour.
 11655 | Lair:2   | Noticed Nergalle
 11656 | Lair:2   | 11656 ||| INVOKING Heroism.
 11664 | Lair:2   | Killed Nergalle
 11750 | Lair:2   | 11750 ||| INVOKING Heroism.
 11777 | Lair:2   | Received a gift from Okawaru
 11941 | Lair:2   | Noticed a six-headed hydra
 11942 | Lair:2   | 11942 ||| INVOKING Heroism.
 11943 | Lair:2   | 11943 ||| INVOKING Finesse.
 11948 | Lair:2   | 11948 ||| SWAPPING to +5 morningstar.
 11954 | Lair:2   | Reached XP level 12. HP: 72/72 MP: 12/19
 11955 | Lair:2   | 11955 ||| Stepping ~*~*~tactically~*~*~ (stealth).
 11959 | Lair:2   | Killed a six-headed hydra
 11960 | Lair:2   | 11960 ||| SWAPPING to +5 broad axe of venom.
 12169 | Lair:2   | Noticed a boulder beetle
 12170 | Lair:2   | 12170 ||| INVOKING Heroism.
 12171 | Lair:2   | 12171 ||| INVOKING Finesse.
 12188 | Lair:2   | Killed a boulder beetle
 12287 | Lair:2   | Reached skill level 9 in Invocations
 12301 | Lair:2   | 12301 ||| INVOKING Heroism.
 12361 | Lair:2   | 12361 ||| INVOKING Heroism.
 12525 | Lair:2   | Found a staircase to the Snake Pit.
 12528 | Lair:2   | 12528 ||| INVOKING Heroism.
 12535 | Lair:2   | HP: 12/72 [naga/+1 glaive of venom (8)]
 12536 | Lair:2   | 12536 ||| READING scroll of teleportation.
 12536 | Lair:2   | HP: 2/72 [poisoned by a naga]
 12537 | Lair:2   | 12537 ||| DRINKING 2 potions of heal wounds.
 12538 | Lair:2   | 12538 ||| DRINKING potion of heal wounds.
 12542 | Lair:2   | HP: 15/72 [poisoned by a naga]
 12547 | Lair:2   | HP: 7/72 [poisoned by a naga]
 12873 | Lair:2   | 12873 ||| Stepping ~*~*~tactically~*~*~ (hiding).
 13191 | Lair:2   | 13191 ||| Stepping ~*~*~tactically~*~*~ (hiding).
 13226 | Lair:2   | 13226 ||| UPGRADING to +0 pair of gloves of strength.
 13310 | Lair:3   | Reached skill level 15 in Axes
 13354 | Lair:3   | Found a staircase to the Shoals.
 13356 | Lair:3   | 13356 ||| INVOKING Heroism.
 13413 | Lair:3   | 13413 ||| Stepping ~*~*~tactically~*~*~ (stealth).
 13414 | Lair:3   | 13414 ||| Stepping ~*~*~tactically~*~*~ (stealth).
 13425 | Lair:3   | 13425 ||| INVOKING Heroism.
 13701 | Lair:3   | 13701 ||| INVOKING Heroism.
 13961 | Lair:3   | Noticed a six-headed hydra
 13962 | Lair:3   | 13962 ||| INVOKING Heroism.
 13963 | Lair:3   | 13963 ||| INVOKING Finesse.
 13968 | Lair:3   | 13968 ||| SWAPPING to +5 morningstar.
 13973 | Lair:3   | Killed a six-headed hydra
 13974 | Lair:3   | 13974 ||| SWAPPING to +5 broad axe of venom.
 14153 | Lair:3   | 14153 ||| INVOKING Heroism.
 14155 | Lair:3   | 14155 ||| Stepping ~*~*~tactically~*~*~ (stealth).
 14162 | Lair:3   | Reached XP level 13. HP: 77/78 MP: 19/21
 14194 | Lair:3   | 14194 ||| Stepping ~*~*~tactically~*~*~ (stealth).
 14195 | Lair:3   | 14195 ||| INVOKING Heroism.
 14235 | Lair:3   | Reached skill level 16 in Axes
 14426 | Lair:3   | 14426 ||| INVOKING Heroism.
 14593 | Lair:3   | 14593 ||| DROPPING ring of positive energy.
 14649 | Lair:4   | 14649 ||| INVOKING Heroism.
 14786 | Lair:4   | 14786 ||| INVOKING Heroism.
 14789 | Lair:4   | Reached skill level 9 in Armour
 14914 | Lair:4   | 14914 ||| INVOKING Heroism.
 14915 | Lair:4   | 14915 ||| INVOKING Finesse.
 14918 | Lair:4   | 14918 ||| SWAPPING to +5 morningstar.
 14923 | Lair:4   | 14923 ||| SWAPPING to +5 broad axe of venom.
 15010 | Lair:4   | 15010 ||| Stepping ~*~*~tactically~*~*~ (stealth).
 15011 | Lair:4   | 15011 ||| Stepping ~*~*~tactically~*~*~ (stealth).
 15012 | Lair:4   | 15012 ||| Stepping ~*~*~tactically~*~*~ (stealth).
 15092 | Lair:4   | Found a viscous altar of Jiyva.
 15092 | Lair:4   | Found a staircase to the Slime Pits.
 15109 | Lair:4   | 15109 ||| SWAPPING to +2 vampiric broad axe.
 15110 | Lair:4   | 15110 ||| DROPPING +5 broad axe of venom.
 15151 | Lair:4   | 15151 ||| INVOKING Heroism.
 15153 | Lair:4   | Received a gift from Okawaru
 15378 | Lair:4   | 15378 ||| READING scroll of enchant weapon.
 15378 | Lair:4   | 15378 ||| ENCHANTING +2 vampiric broad axe.
 15472 | Lair:4   | 15472 ||| DROPPING scarf of shadows.
 15495 | Lair:5   | Entered Level 5 of the Lair of Beasts
 15507 | Lair:5   | 15507 ||| STAIRDANCE
 15628 | Lair:5   | 15628 ||| Stepping ~*~*~tactically~*~*~ (stealth).
 15629 | Lair:5   | 15629 ||| Stepping ~*~*~tactically~*~*~ (stealth).
 15630 | Lair:5   | 15630 ||| Stepping ~*~*~tactically~*~*~ (stealth).
 15637 | Lair:5   | 15637 ||| Stepping ~*~*~tactically~*~*~ (stealth).
 15662 | Lair:5   | Reached skill level 17 in Axes
 15737 | Lair:5   | 15737 ||| Stepping ~*~*~tactically~*~*~ (stealth).
 15739 | Lair:5   | 15739 ||| INVOKING Heroism.
 15741 | Lair:5   | 15741 ||| Stepping ~*~*~tactically~*~*~ (stealth).
 15742 | Lair:5   | 15742 ||| Stepping ~*~*~tactically~*~*~ (stealth).
 15746 | Lair:5   | 15746 ||| Stepping ~*~*~tactically~*~*~ (stealth).
 15999 | Lair:5   | 15999 ||| INVOKING Heroism.
 16156 | Lair:5   | 16156 ||| INVOKING Heroism.
 16182 | Lair:5   | 16182 ||| Stepping ~*~*~tactically~*~*~ (stealth).
 16183 | Lair:5   | 16183 ||| Stepping ~*~*~tactically~*~*~ (stealth).
 16184 | Lair:5   | 16184 ||| Stepping ~*~*~tactically~*~*~ (stealth).
 16185 | Lair:5   | 16185 ||| Stepping ~*~*~tactically~*~*~ (stealth).
 16188 | Lair:5   | 16188 ||| INVOKING Finesse.
 16198 | Lair:5   | Reached skill level 9 in Fighting
 16205 | Lair:5   | 16205 ||| INVOKING Heroism.
 16285 | Lair:5   | 16285 ||| INVOKING Heroism.
 16437 | Lair:5   | Noticed a dire elephant
 16437 | Lair:5   | Noticed a dire elephant
 16437 | Lair:5   | Noticed a dire elephant
 16440 | Lair:5   | Noticed a dire elephant
 16545 | Lair:5   | 16545 ||| INVOKING Heroism.
 16547 | Lair:5   | 16547 ||| Stepping ~*~*~tactically~*~*~ (stealth).
 16549 | Lair:5   | 16549 ||| Stepping ~*~*~tactically~*~*~ (stealth).
 16760 | Lair:5   | Noticed a dire elephant
 16761 | Lair:5   | 16761 ||| INVOKING Heroism.
 16771 | Lair:5   | HP: 10/80 [dire elephant (24)]
 16772 | Lair:5   | 16772 ||| DRINKING potion of heal wounds.
 16774 | Lair:5   | Killed a dire elephant
 17061 | Lair:5   | Reached skill level 18 in Axes
 17089 | Lair:5   | 17089 ||| INVOKING Heroism.
 17103 | Lair:5   | Reached XP level 14. HP: 86/86 MP: 20/22
 17106 | Lair:5   | Reached skill level 6 in Dodging
 17125 | Lair:5   | Identified the ring "Giarghy" {rN+ Str+9 Int-3}
 17143 | Lair:5   | 17143 ||| Stepping ~*~*~tactically~*~*~ (hiding).
 17144 | Lair:5   | 17144 ||| Stepping ~*~*~tactically~*~*~ (hiding).
 17150 | Lair:5   | 17150 ||| INVOKING Heroism.
 17158 | Lair:5   | 17158 ||| FLEEEEING.
 17159 | Lair:5   | 17159 ||| FLEEEEING.
 17160 | Lair:5   | 17160 ||| FLEEEEING.
 17161 | Lair:5   | 17161 ||| FLEEEEING.
 17162 | Lair:5   | 17162 ||| FLEEEEING.
 17163 | Lair:5   | 17163 ||| FLEEEEING.
 17164 | Lair:5   | 17164 ||| FLEEEEING.
 17165 | Lair:5   | 17165 ||| FLEEEEING.
 17166 | Lair:5   | 17166 ||| FLEEEEING.
 17167 | Lair:5   | 17167 ||| FLEEEEING.
 17168 | Lair:5   | 17168 ||| FLEEEEING.
 17169 | Lair:5   | 17169 ||| FLEEEEING.
 17170 | Lair:5   | 17170 ||| FLEEEEING.
 17171 | Lair:5   | 17171 ||| FLEEEEING.
 17172 | Lair:5   | 17172 ||| FLEEEEING.
 17173 | Lair:5   | 17173 ||| FLEEEEING.
 17174 | Lair:5   | 17174 ||| FLEEEEING.
 17175 | Lair:5   | 17175 ||| FLEEEEING.
 17179 | Lair:5   | 17179 ||| FLEEEEING.
 17180 | Lair:5   | 17180 ||| FLEEEEING.
 17181 | Lair:5   | 17181 ||| FLEEEEING.
 17182 | Lair:5   | 17182 ||| FLEEEEING.
 17183 | Lair:5   | 17183 ||| FLEEEEING.
 17184 | Lair:5   | 17184 ||| FLEEEEING.
 17185 | Lair:5   | 17185 ||| FLEEEEING.
 17186 | Lair:5   | 17186 ||| STAIRDANCE
 17406 | Lair:4   | 17406 ||| UPGRADING to ring "Giarghy" {rN+ Str+9 Int-3}.
 17408 | Lair:4   | 17408 ||| DROPPING +4 ring of protection.
 17549 | Lair:5   | 17549 ||| INVOKING Heroism.
 17695 | Lair:5   | 17695 ||| INVOKING Heroism.
 17697 | Lair:5   | 17697 ||| INVOKING Finesse.
 17750 | Lair:5   | 17750 ||| INVOKING Finesse.
 17814 | Lair:5   | 17814 ||| Stepping ~*~*~tactically~*~*~ (hiding).
 17815 | Lair:5   | 17815 ||| INVOKING Heroism.
 17822 | Lair:5   | Killed a dire elephant
 17832 | Lair:5   | Killed a dire elephant
 17844 | Lair:5   | Killed a dire elephant
 17846 | Lair:5   | HP: 9/88 [dire elephant (17)]
 17849 | Lair:5   | Slain by a dire elephant

Levels and vault maps discovered:
D:1:      dpeg_arrival_line_fractal, layout_basic, minmay_split_cup_large
D:2:      layout_basic, basic_altar, uniq_sigmund, uniq_jessica
D:3:      minmay_door_path, layout_loops_corners, slow_altar_1
D:4:      layout_cave_pools, marbit_many_paths, nzn_wu_jian_contemplation,
          temple_statues
D:5:      layout_loops_ring, enter_ossuary_2, serial_shops,
          kennysheep_little_box
D:6:      minmay_chambers_of_threes, layout_rooms,
          nicolae_qazlal_scattered_showers, serial_shops, shop,
          dreamdust_mushroom_princess, minmay_misc_feat_nine_boxes
D:7:      minmay_general_purpose_star, layout_loops_corners,
          serial_co_window_serial, co_window_paths_b, co_window_cross_1,
          co_window_paths_b, co_window_paths_a, co_window_paths_b,
          co_window_broadway_b, co_window_cross_2, co_window_2corner,
          co_window_of_opportunity_b, co_window_broadway_c, co_window_paths_d,
          co_window_paths_e, glass_columns_b, glass_columns_b, uniq_joseph
D:8:      layout_basic, serial_shops, shop_fountains,
          nicolae_shop_window_shopping, nicolae_shop_statue_plus,
          nicolae_shop_trees, nzn_ghost_randoct, grunt_ministairs_15
D:9:      layout_roguey, minmay_overflow_temple_star_quad,
          due_lair_maze_entry_diamond, orc_0_dummy
Temple:   hellmonk_temple_divided_pantheon
Lair:1:   layout_small_grid, lemuel_fruit_fields, infiniplex_staircase_pool
Lair:2:   layout_roguey, minmay_snake_entry_guardpost_medium,
          grunt_megastairs_1, serial_bayou_shore_a, uniq_nergalle
Lair:3:   layout_chaotic_city, elwin_shoals_entry_stream, serial_bayou_crossing
Lair:4:   layout_misc_corridors, slime_entry_1,
          grunt_forest_small_clearing_treed
Lair:5:   due_jungle_book, layout_small_grid

Skill      XL: |  1  2  3  4  5  6  7  8  9 10 11 12 13 14 |
---------------+-------------------------------------------+-----
Axes           | 6 7 8 9 11 13 14 15 18 | 18.0
Armour         | 2 3 4 5 6 7 8 9 |  9.5
Fighting       | 3 4 5 6 7 8 9 10 | 10.1
Invocations    | 1 4 5 8 10 | 10.0
Throwing       | 2 3 |  3.0
Dodging        | 4 5 7 |  7.2
Spellcasting   | |  2.0
Translocations | |  2.4

Action                   |  1- 3 |  4- 6 |  7- 9 | 10-12 | 13-15 || total
-------------------------+-------+-------+-------+-------+-------++-------
Melee: Hand axe          |     9 |       |       |       |       ||     9
       Broad axe         |     4 |    59 |   228 |   414 |   377 ||  1082
       Kick              |       |     9 |    76 |   137 |   181 ||   403
       Peck              |       |     8 |    47 |    84 |   119 ||   258
       Punch             |       |       |     7 |    14 |    20 ||    41
       Morningstar       |       |       |       |    13 |     2 ||    15
Throw: Javelin           |     9 |    41 |    43 |    18 |       ||   111
       Boomerang         |       |       |    49 |   110 |    66 ||   225
Invok: Heroism           |       |       |    17 |    28 |    18 ||    63
       Finesse           |       |       |       |     3 |     4 ||     7
  Use: Scroll            |     4 |    14 |     4 |     7 |     1 ||    30
       Potion            |     1 |     1 |     9 |     8 |     1 ||    20
Armor: Leather armour    |     2 |       |       |       |       ||     2
       Plate armour      |     2 |    43 |   136 |   154 |   131 ||   466
Dodge: Dodged            |     9 |     6 |    72 |   202 |   185 ||   474

Table legend:
 A = Non-vault XP
 B = Vault XP
 C = Vault XP percentage of total XP
 D = Non-vault monster count
 E = Vault monster count
 F = Vault count percentage of total count
                 A         B        C        D         E       F
            +---------+---------+-------+---------+---------+-------
      Total |   43362 |   20828 |  32.4 |     288 |     108 |  27.3
            +---------+---------+-------+---------+---------+-------
        D:1 |       7 |       6 |  46.2 |       5 |       4 |  44.4
        D:2 |      64 |     263 |  80.4 |      16 |       2 |  11.1
        D:3 |      41 |       6 |  12.8 |      11 |       2 |  15.4
        D:4 |     258 |      35 |  11.9 |      13 |       1 |   7.1
        D:5 |     302 |       0 |   0.0 |      15 |       0 |   0.0
        D:6 |     765 |     706 |  48.0 |      15 |      12 |  44.4
        D:7 |     649 |     462 |  41.6 |      14 |       3 |  17.6
        D:8 |    1461 |     641 |  30.5 |      32 |       6 |  15.8
        D:9 |     689 |    1168 |  62.9 |      19 |       9 |  32.1
     Lair:1 |    5981 |       0 |   0.0 |      29 |       0 |   0.0
     Lair:2 |    7156 |    1925 |  21.2 |      28 |       8 |  22.2
     Lair:3 |    9321 |    1194 |  11.4 |      35 |       4 |  10.3
     Lair:4 |    5400 |       0 |   0.0 |      20 |       0 |   0.0
     Lair:5 |   11268 |   13224 |  54.0 |      36 |      25 |  41.0
    Ossuary |       0 |    1198 | 100.0 |       0 |      32 | 100.0
            +---------+---------+-------+---------+---------+-------
